 Dungeon Crawl Stone Soup version 0.19.5 (webtiles) character file.

67 snowfan the Magician (level 3, -8/19 HPs)
             Began as a Deep Elf Wizard on May 8, 2017.
             Killed by nerve-wracking pain
             ... invoked by an orc priest
              (14 damage)
             ... on level 3 of the Dungeon.
             The game lasted 00:09:14 (1937 turns).

snowfan the Magician (Deep Elf Wizard)              Turns: 1937, Time: 00:09:16

Health: -8/19      AC:  2    Str:  4    XL:     3   Next: 98%
Magic:  0/10       EV: 13    Int: 23    God:
Gold:   132        SH:  0    Dex: 13    Spells: 3 memorised, 4 levels left

rFire  + . .     SeeInvis .     v - +0 hunting sling
rCold  . . .     Gourm    .     a - +0 robe
rNeg   . . .     Faith    +     (no shield)
rPois  .         Spirit   .     b - +0 hat
rElec  .         Reflect  .     (no cloak)
rCorr  .         Harm     .     (no gloves)
MR     .....                    (no boots)
Stlth  ++........               t - amulet of faith
                                l - ring of protection from fire
                                j - ring of flight

@: flying
A: no striking features
a: no special abilities


You were on level 3 of the Dungeon.
You were hungry.

You visited 1 branch of the dungeon, and saw 3 of its levels.

You collected 132 gold pieces.

Inventory:

Hand Weapons
 g - a +0 short sword
 s - a +2 vampiric dagger
 v - a +0 hunting sling (weapon)
Missiles
 f - 18 stones (quivered)
Armour
 a - a +0 robe (worn)
 b - a +0 hat (worn)
Jewellery
 j - a ring of flight (left hand)
 l - a ring of protection from fire (right hand)
 t - an amulet of faith (around neck)
Scrolls
 e - 3 scrolls of identify {unknown}
 h - a scroll of random uselessness {unknown}
 i - a scroll of enchant weapon {unknown}
 k - a scroll of recharging {unknown}
 p - a scroll of magic mapping {unknown}
 q - 4 scrolls of remove curse {unknown}
 r - a scroll of immolation {unknown}
 y - a scroll of enchant armour {unknown}
Potions
 o - a potion of degeneration {unknown}
 u - 2 potions of magic {unknown}
Books
 c - a book of Minor Magic

   Spells                             Type                      Level
   a - Magic Dart                     Conjuration                  1
   b - Blink                          Translocation                2
   c - Call Imp                       Summoning                    2
   d - Repel Missiles                 Charms/Air                   2
   e - Slow                           Hexes                        2
   f - Conjure Flame                  Conjuration/Fire             3
   g - Mephitic Cloud                 Conjuration/Poison/Air       3
Comestibles
 d - 2 bread rations
 x - a meat ration


   Skills:
 - Level 2.4 Dodging
 - Level 2.4 Stealth
 - Level 4.4 Spellcasting
 - Level 3.0 Conjurations
   Level 1.1 Summonings
 + Level 3.1 Translocations


You had 4 spell levels left.
You knew the following spells:

 Your Spells              Type           Power        Failure   Level  Hunger
a - Magic Dart            Conj           ###.         2%          1    None
b - Blink                 Tloc           N/A          4%          2    None
d - Conjure Flame         Conj/Fire      ##......     17%         3    ##.....


Dungeon Overview and Level Annotations

Branches:
Dungeon (3/15)

Altars:
Gozag
Hepliaklqana


Message History

The orc priest hits you but does no damage.
The orc priest closely misses you.
Casting: Magic Dart
Confirm with . or Enter, or press ? or * to list all spells.
Aiming: Magic Dart
Press: ? - help, Shift-Dir - straight line, f/p - orc priest
Aim: an orc priest, wielding a short sword and wearing a chain mail (almost dead)
The magic dart hits the orc priest.
The orc priest is almost dead.
The orc priest hits you with a short sword.
Firing (i - inventory):
f - 19 stones (quivered)
Press: ? - help, Shift-Dir - straight line, f/p - orc priest
Aim: an orc priest, wielding a short sword and wearing a chain mail (almost dead)
You shoot a stone.
The stone closely misses the orc priest.
The stone closely misses the orc.
The orc priest calls down the wrath of Beogh upon you.
Pain shoots through your body!
Ouch! That really hurt!
You die...

.....#####..#
............##
#.##...###...####
...#...#
##.....##
...#...# ##.##..#
8_8#
#.#####...#.##
####
...<.....#..###
........##...##
###(..oo@....#
......o#######
######. #o #. ##


You could see an orc priest and 2 orcs.

Vanquished Creatures
  2 adders
  2 dart slugs (D:1)
  A leopard gecko (D:2)
  4 bats
  A giant cockroach (D:1)
  2 goblins
  7 hobgoblins
  5 jackals (D:1)
  8 kobolds
  2 frilled lizards (D:1)
  6 rats
40 creatures vanquished.

Notes
Turn   | Place    | Note
-------+----------+-------------------------------------------
     0 | D:1      | snowfan the Deep Elf Wizard began the quest for the Orb.
     0 | D:1      | Reached XP level 1. HP: 10/10 MP: 7/7
   138 | D:1      | Reached XP level 2. HP: 15/15 MP: 2/9
   394 | D:1      | Learned a level 2 spell: Blink
   492 | D:1      | Reached XP level 3. HP: 19/19 MP: 1/10
  1228 | D:2      | Found a hazy altar of Hepliaklqana.
  1830 | D:2      | You fall through a shaft!
  1852 | D:3      | Learned a level 3 spell: Conjure Flame
  1873 | D:3      | Found an opulent altar of Gozag.
  1937 | D:3      | Killed from afar by an orc priest

Skill      XL: |  1  2  3 |
---------------+----------+-----
Conjurations   | 2 3 |  3.0
Translocations | 3 |  3.1
Dodging        | |  2.4
Stealth        | |  2.4
Spellcasting   | |  4.4
Summonings     | |  1.1

Action                   || total
-------------------------++-------
Melee: Short sword       ||     3
 Fire: Hunting sling     ||    40
 Cast: Magic Dart        ||   117
  Use: Potion            ||     3
  Eat: Chunk             ||     2
Armor: Robe              ||     6
Dodge: Dodged            ||    37
